 Dungeon Crawl Stone Soup version 0.21.0-24-g2553a33 (webtiles) character file.

261 Gorglomux the Covered (level 5, 0/50 HPs)
             Began as a Deep Dwarf Fighter on Jan 20, 2018.
             Killed by divine providence
             ... invoked by an orc priest
              (10 damage)
             ... on level 3 of the Dungeon.
             The game lasted 00:01:01 (1553 turns).

Gorglomux the Covered (Deep Dwarf Fighter)          Turns: 1553, Time: 00:01:01

Health: 0/50       AC:  7    Str: 20    XL:     5   Next: 96%
Magic:  1/1        EV:  7    Int:  9    God:
Gold:   182        SH: 10    Dex: 12    Spells: 4/4 levels left

rFire    . . .     SeeInvis .   a - +0 war axe
rCold    . . .     Gourm    .   c - +0 shield
rNeg     . . .     Faith    .   b - +0 scale mail
rPois    .         Spirit   .   (no helmet)
rElec    .         Reflect  .   p - scarf {repulsion}
rCorr    .         Harm     .   (no gloves)
MR       .....                  (no boots)
Stlth    ..........             (no amulet)
HPRegen  0.00/turn              (no ring)
MPRegen  0.07/turn              (no ring)

@: lethally poisoned (0 -> 0), non-regenerating, repel missiles
A: damage resistance, heal wounds, sense surroundings 1, no regeneration
a: Heal Wounds


You were on level 3 of the Dungeon.
You were hungry.

You visited 1 branch of the dungeon, and saw 3 of its levels.

You collected 182 gold pieces.

Inventory:

Hand Weapons
 a - a +0 war axe (weapon)
Armour
 b - a +0 scale mail (worn)
 c - a +0 shield (worn)
 p - a scarf of repulsion (worn)
Jewellery
 n - an uncursed ring of fire {unknown}
Scrolls
 g - a scroll of fear {unknown}
 i - 2 scrolls of enchant weapon {unknown}
 j - a scroll of random uselessness {unknown}
 k - a scroll of remove curse {unknown}
 u - a scroll of identify {unknown}
Potions
 d - a potion of might
 l - a potion of invisibility {unknown}
 m - a potion of brilliance {unknown}
 q - 2 potions of resistance {unknown}
 r - 3 potions of curing {unknown}
 s - a potion of berserk rage {unknown}
Books
 t - a book of Callings

   Spells                             Type                      Level
   a - Summon Small Mammal            Summoning                    1
   b - Call Imp                       Summoning                    2
   c - Call Canine Familiar           Summoning                    3
   d - Summon Guardian Golem          Hexes/Summoning              3
   e - Summon Lightning Spire         Summoning/Air                4
   f - Summon Ice Beast               Ice/Summoning                4
Comestibles
 f - 2 rations
 o - 2 chunks of flesh


   Skills:
 + Level 3.8 Fighting
 + Level 3.9 Axes
 + Level 4.6 Armour
 + Level 4.6 Shields


You had 4 spell levels left.
You didn't know any spells.

Dungeon Overview and Level Annotations

Branches:
Dungeon (3/15)

Altars:


Innate Abilities, Weirdness & Mutations

You are resistant to damage.
You can heal yourself by infusing magical energy.
You passively map a small area around you.
You do not regenerate.


Message History

You fail to use your ability!
You block the orc priest's attack!
You open the orc priest but do no damage!
The orc priest is butt-ly wounded!
The orc priest butts you with a dagger! * * * don't butt
* * * Your scale mail prevents you from hitting the orc priest!
The orc priest is moderately wounded!
You block the orc priest's attack!
You feel much better!
The orc priest calls down the wrath of Beogh upon butt!
Beogh smites you!!!
The orc priest calls down the wrath of Beogh upon you!
Beogh smites you!!! * * * don't die
* * * You closely miss the orc priest!
The orc priest is moderately wounded!
The orc priest hits you but does no damage!
The orc priest calls down the wrath of Beogh butt you!
Beogh smites you!!! rip

########## *###
#........# .... **
#.######.# ..... , #.#
#.# ####...... * #.#
#.# #.@oo.....
#.######)####.##o..=..
*
#.#...........#*,.....
### #.#.####.###### ,
.... #.. #)#.# #.# ...
, ....# #.#.# #.# ## #
# #.#.####.# * *, #
#........##########. *
# ###.####............
#


You could see 2 orc priests and an orc.

Vanquished Creatures
  The ghost of Dirian the Skirmisher, an amateur MiFi of Dithmenos (D:3)
  6 adders
  2 oozes (D:2)
  A worm (D:2)
  4 leopard geckos
  2 orcs (D:3)
  2 giant cockroaches (D:1)
  2 goblins
  5 hobgoblins
  10 kobolds
  A quokka (D:2)
  A ball python (D:3)
  8 bats
  4 frilled lizards
  5 rats
54 creatures vanquished.

Notes
Turn   | Place    | Note
-------+----------+-------------------------------------------
     0 | D:1      | Gorglomux the Deep Dwarf Fighter began the quest for the Orb.
     0 | D:1      | Reached XP level 1. HP: 20/20 MP: 1/1
   264 | D:1      | Reached XP level 2. HP: 27/27 MP: 2/2
   865 | D:2      | Reached skill level 3 in Fighting
   874 | D:2      | Reached XP level 3. HP: 24/34 MP: 3/3
  1118 | D:3      | Reached skill level 3 in Axes
  1140 | D:3      | Reached XP level 4. HP: 37/42 MP: 4/4
  1383 | D:3      | Noticed Dirian's ghost (amateur MiFi)
  1392 | D:3      | HP: 2/42 [Dirian's ghost (8)]
  1423 | D:3      | Killed Dirian's ghost
  1423 | D:3      | Reached XP level 5. HP: 31/50 MP: 2/2
  1553 | D:3      | Killed from afar by an orc priest

Skill      XL: |  1  2  3  4 |
---------------+-------------+-----
Fighting       | 3 |  3.8
Axes           | 3 |  3.9
Armour         | 4 |  4.6
Shields        | 4 |  4.6

Action                   |  1- 3 |  4- 6 || total
-------------------------+-------+-------++-------
Melee: War axe           |   106 |    73 ||   179
 Abil: Heal Wounds       |     1 |     6 ||     7
  Use: Potion            |       |     1 ||     1
  Eat: Chunk             |     1 |     1 ||     2
Armor: Scale mail        |    74 |    32 ||   106
Dodge: Dodged            |    40 |    13 ||    53
Block: Shield            |    64 |    38 ||   102
